 Dungeon Crawl Stone Soup version 0.21.1-1-g345015fe64 (webtiles) character file.

264 Jannitor the Vexing (level 5, 0/35 HPs)
             Began as a Demonspawn Enchanter on Apr 2, 2018.
             Succumbed to a kobold's poison
             ... on level 3 of the Dungeon.
             The game lasted 00:10:47 (3540 turns).

Jannitor the Vexing (Demonspawn Enchanter)          Turns: 3540, Time: 00:10:47

Health: 0/35       AC:  5    Str:  4 (7)  XL:     5   Next: 98%
Magic:  1/8        EV: 19    Int: 15 (17) God:
Gold:   169        SH:  0    Dex: 18      Spells: 2/8 levels left

rFire    + . .     SeeInvis .   a - +2 dagger
rCold    . . .     Gourm    .   (no shield)
rNeg     . . .     Faith    .   b - +0 robe
rPois    .         Spirit   +   l - +0 helmet
rElec    .         Reflect  .   t - scarf {cloud immunity}
rCorr    .         Harm     .   (no gloves)
MR       .....                  (no boots)
Stlth    ++++......             (no amulet)
HPRegen  0.11/turn              q - +2 ring of evasion
MPRegen  0.11/turn              (no ring)

@: agile, lethally poisoned (0 -> -6), very slightly contaminated, starving
A: claws 1, hooves 1, molten scales 1, fire resistance 1, weak 1, evolution 1,
magic shield
a: no special abilities


You were on level 3 of the Dungeon.
You were starving.

You visited 1 branch of the dungeon, and saw 3 of its levels.

You collected 169 gold pieces.

Inventory:

Hand Weapons
 a - a +2 dagger (weapon)
Armour
 b - a +0 robe (worn)
 l - a +0 helmet (worn)
 t - a scarf of cloud immunity (worn)
Jewellery
 q - a +2 ring of evasion (left claw)
Wands
 e - a wand of digging (14)
Scrolls
 f - a scroll of enchant weapon
 i - a scroll of magic mapping
 p - a scroll of random uselessness {unknown}
 r - 4 scrolls of identify {unknown}
 s - a scroll of enchant armour {unknown}
Potions
 h - a potion of degeneration
Books
 c - a book of Maledictions

   Spells                             Type                      Level
   a - Corona                         Hexes                        1
   b - Ensorcelled Hibernation        Hexes/Ice                    2
   c - Confuse                        Hexes                        3
   d - Tukima's Dance                 Hexes                        3
   e - Dazzling Spray                 Conjuration/Hexes            3
Comestibles
 d - 8 rations


   Skills:
 + Level 0.1 Fighting
 * Level 3.8 Short Blades
 - Level 1.7 Dodging
 + Level 4.0 Stealth
 - Level 2.0 Spellcasting
 + Level 4.1 Hexes


You had 2 spell levels left.
You knew the following spells:

 Your Spells              Type           Power        Failure   Level  Hunger
a - Corona                Hex            ##.....      4%          1    #......
b - Ensorcelled Hibernat  Hex/Ice        #.....       14%         2    ###....
c - Confuse               Hex            ##......     12%         3    ###....


Dungeon Overview and Level Annotations

Branches:
Dungeon (3/15)

Altars:
Elyvilon
Okawaru
Trog
Uskayaw
Zin


Innate Abilities, Weirdness & Mutations

You have sharp fingernails.
You are partially covered in molten scales. (AC +2)
Your flesh is heat resistant. (rF+)
When hurt, damage is shared between your health and your magic reserves.
You have large cloven feet.
You are weak. (Str -2)
You evolve.


Message History

* * * LOW HITPOINT WARNING * * *
You feel sick.
Okay, then.
Unknown command.
Unknown command.
As you read the scroll labeled MAGHEG UFRU, it crumbles to dust.
It is a scroll of enchant weapon.
Your +1 dagger glows red for a moment.
* * * LOW HITPOINT WARNING * * *
You feel sick.
As you read the scroll labeled NALEUT LIEFF, it crumbles to dust.
You feel aware of your surroundings.
It was a scroll of magic mapping.
As you read the scroll labeled OTERPH QIPLEQ, it crumbles to dust.
You assume a fearsome visage.
Nothing appears to happen.
It was a scroll of fear.
* * * LOW HITPOINT WARNING * * *
You feel sick.
As you read the scroll labeled EHURUST YDDI, it crumbles to dust.
You feel blessed for a moment.
It was a scroll of remove curse.
You die...

### ##_## #...#
###'#### ######*
.#...#.## #..>..*
.'.⌠.'._#*#.....*
.#...#.##.#.....*
###'####*......[######
##...#*,,......[@....#
.##.##,,,........##).#
.##.#****##.....##..##
###.# #.....*#)##
###.# #.....##.#
....#### #######(.#
##.....## #(##
#####..# #(# ##.# ##(#


There were no monsters in sight!

Vanquished Creatures
  An orc priest (D:3)
  2 orc wizards
  Natasha (D:2)
  4 gnolls (D:3)
  3 adders (D:2)
  2 worms (D:3)
  A dart slug (D:2)
  4 leopard geckos
  12 orcs
  A ball python (D:2)
  5 giant cockroaches
  2 goblins
  7 hobgoblins
  4 jackals
  8 kobolds
  6 bats
  2 frilled lizards (D:2)
  8 rats
73 creatures vanquished.

Notes
Turn   | Place    | Note
-------+----------+-------------------------------------------
     0 | D:1      | Jannitor the Demonspawn Enchanter began the quest for the Orb.
     0 | D:1      | Reached XP level 1. HP: 13/13 MP: 3/3
    22 | D:1      | Reached skill level 1 in Short Blades
   225 | D:3      | Gained mutation: You are partially covered in molten scales. (AC +2) [demonic ancestry]
   225 | D:3      | Reached XP level 2. HP: 18/19 MP: 5/5
   282 | D:3      | Learned a level 2 spell: Ensorcelled Hibernation
   753 | D:2      | Gained mutation: You have sharp fingernails. [demonic ancestry]
   753 | D:2      | Reached XP level 3. HP: 24/24 MP: 1/6
   803 | D:2      | Found a hide-covered altar of Uskayaw.
   818 | D:2      | Found an iron altar of Okawaru.
   908 | D:2      | Noticed Natasha
   912 | D:2      | Killed Natasha
  1214 | D:2      | Gained mutation: Your flesh is heat resistant. (rF+) [demonic ancestry]
  1214 | D:2      | Reached XP level 4. HP: 30/30 MP: 7/7
  1948 | D:1      | Learned a level 3 spell: Confuse
  2250 | D:3      | Gained mutation: When hurt, damage is shared between your health and your magic reserves. [demonic ancestry]
  2250 | D:3      | Reached XP level 5. HP: 13/35 MP: 3/8
  2723 | D:3      | Found a white marble altar of Elyvilon.
  2725 | D:3      | Found a bloodstained altar of Trog.
  2725 | D:3      | Found a glowing silver altar of Zin.
  3026 | D:2      | Gained mutation: You are weak. (Str -2) [potion of mutation]
  3026 | D:2      | Gained mutation: Scrolls take you a little longer to read. [potion of mutation]
  3026 | D:2      | Gained mutation: Your body sometimes deteriorates upon taking damage. [potion of mutation]
  3026 | D:2      | Gained mutation: You evolve. [potion of mutation]
  3433 | D:2      | Lost mutation: Your body sometimes deteriorates upon taking damage. [potion of mutation]
  3433 | D:2      | Lost mutation: Scrolls take you a little longer to read. [potion of mutation]
  3433 | D:2      | Gained mutation: You have large cloven feet. [potion of mutation]
  3539 | D:3      | HP: 1/35 [poisoned by a kobold]
  3540 | D:3      | Succumbed to a kobold's poison

Skill      XL: |  1  2  3  4  5 |
---------------+----------------+-----
Short Blades   | 1 2 3 |  3.8
Stealth        | 3 4 |  4.0
Hexes          | 4 |  4.1
Fighting       | |  0.1
Dodging        | |  1.7
Spellcasting   | |  2.0

Action                   |  1- 3 |  4- 6 || total
-------------------------+-------+-------++-------
Melee: Dagger            |   108 |   250 ||   358
       Kick              |       |     1 ||     1
 Cast: Corona            |     1 |       ||     1
       Ensorcelled Hiber |     5 |    21 ||    26
       Confuse           |       |     4 ||     4
  Use: Potion            |     2 |     9 ||    11
       Scroll            |       |     4 ||     4
 Stab: Sleeping          |     6 |    12 ||    18
       Invisible         |       |     2 ||     2
       Confused          |       |     2 ||     2
  Eat: Chunk             |     1 |     8 ||     9
Armor: Robe              |    34 |    59 ||    93
       Skin              |     9 |       ||     9
Dodge: Dodged            |    72 |   195 ||   267
